 Dungeon Crawl Stone Soup version 0.32-a0-558-g233958a4c4 (webtiles) character file.

Game seed: 9939154421767259428

22 kae the Firebug (level 2, -1/15 HPs)
             Began as a Deep Elf Fire Elementalist on Mar 1, 2024.
             Slain by a ribbon worm (5 damage)
             ... on level 2 of the Dungeon.
             The game lasted 00:00:43 (1373 turns).

kae the Firebug (Deep Elf Fire Elementalist)        Turns: 1373, Time: 00:00:43

Health: -1/15      AC:  2    Str:  5    XL:     2   Next: 68%
Magic:  7/8        EV:  6    Int: 19    God:
Gold:   70         SH:  0    Dex: 15    Spells: 6/7 levels left

rFire   . . .        (no weapon)
rCold   . . .        (no shield)
rNeg    . . .        a - +0 robe
rPois   .            (no helmet)
rElec   .            (no cloak)
rCorr   .            (no gloves)
SInv    .            (no boots)
Will    .....        c - amulet of magic regeneration
Stlth   ++           (no ring)
HPRegen 0.22/turn    (no ring)
MPRegen 0.51/turn

%: no passive effects
@: held
A: no striking features
a: no special abilities


You were on level 2 of the Dungeon.
You visited 1 branch of the dungeon, and saw 2 of its levels.

You collected 70 gold pieces.


   Skills:
 - Level 2.4 Dodging
 - Level 2.4 Stealth
 + Level 3.4 Spellcasting
 + Level 1.7 Conjurations
 * Level 3.9 Fire Magic


You had 6 spell levels left.
You knew the following spells:

 Your Spells              Type           Power      Damage    Failure   Level
a - Foxfire               Conj/Fire      56%        2x1d6     4%          1

Your spell library contained the following spells:

 Spells                   Type           Power      Damage    Failure   Level
 Scorch                   Fire           36%        2d6       4%          2
 Inner Flame              Hex/Fire       10%        N/A       21%         3
 Volatile Blastmotes      Fire/Tloc      20%        2d11      21%         3
 Flame Wave               Conj/Fire      14%        2d6       41%         4

Inventory:

Missiles
 d - 16 stones
 g - 5 boomerangs
Armour
 a - a +0 robe (worn)
Jewellery
 c - an amulet of magic regeneration (around neck)
   (You found it on level 2 of the Dungeon)
Potions
 b - a potion of magic
 e - a potion of mutation {unknown}
 f - a potion of curing {unknown}
 h - a potion of enlightenment
 i - a potion of cancellation {unknown}

Dungeon Overview and Level Annotations

Branches:
Dungeon (2/15) Zot: 10626

Altars:

#.# #.# .# #.# . #.# .
####.#### .# # #....§..#
#.##.# #.##.##.##.[....
###### #.##.##v#.......
.....#####.##..v@w†..#
##.........#####.#.......
##...#####...>..>###....#
##########.####### ...# #
####.......# ..# #
#........#.# ..
####.##.##..#.# .#
......#.##....# ..#
........###.#.#######...#


You could see a ribbon worm (catching breath, ally target).


Message History

There is a stone staircase leading up here.
An endoplasm is nearby!
An endoplasm is nearby!
Casting: Foxfire (safe; 4% risk of failure)
Confirm with . or Enter, or press ? or * to list all spells.
You conjure some foxfire!
The foxfire hits the endoplasm.
The foxfire hits the endoplasm.
Casting: Foxfire (safe; 4% risk of failure)
Confirm with . or Enter, or press ? or * to list all spells.
You conjure some foxfire!
The endoplasm barely misses you.
The foxfire hits the endoplasm.
You kill the endoplasm!
Found an escape hatch in the ceiling.
A dart slug comes into view.
A dart slug is nearby!
A dart slug is nearby!
Casting: Foxfire (safe; 4% risk of failure)
Confirm with . or Enter, or press ? or * to list all spells.
You conjure some foxfire!
Casting: Foxfire (safe; 4% risk of failure)
Confirm with . or Enter, or press ? or * to list all spells.
You conjure some foxfire!
The foxfire hits the dart slug but does no damage.
The foxfire hits the dart slug.
The foxfire hits the dart slug. x2
A dart slug is nearby!
Casting: Foxfire (safe; 4% risk of failure)
Confirm with . or Enter, or press ? or * to list all spells.
You conjure some foxfire!
The foxfire hits the dart slug.
You kill the dart slug!
e - a bubbling yellow potion
d - 11 stones (gained 5)
g - 5 boomerangs
Found two stone staircases leading down.
d - 16 stones (gained 5)
There is an escape hatch in the ceiling here.
Key pressed, stopping explore.
Casting: Foxfire (safe; 4% risk of failure)
Confirm with . or Enter, or press ? or * to list all spells.
You conjure some foxfire!
A hobgoblin comes into view.
The hobgoblin shouts!
A hobgoblin is nearby!
Casting: Foxfire (safe; 4% risk of failure)
Confirm with . or Enter, or press ? or * to list all spells.
You conjure some foxfire!
The foxfire hits the hobgoblin.
A hobgoblin is nearby!
Casting: Foxfire (safe; 4% risk of failure)
Confirm with . or Enter, or press ? or * to list all spells.
You conjure some foxfire!
The foxfire hits the hobgoblin. x2
You kill the hobgoblin!
A ribbon worm comes into view.
The ribbon worm expels a string of sticky webbing.
The stream of webbing misses you.
A ribbon worm is nearby!
Casting: Foxfire (safe; 4% risk of failure)
Confirm with . or Enter, or press ? or * to list all spells.
You conjure some foxfire!
The ribbon worm closely misses you.
The foxfire hits the ribbon worm but does no damage.
The foxfire hits the ribbon worm.
A ribbon worm is nearby!
A ribbon worm is nearby!
Casting: Foxfire (safe; 4% risk of failure)
Confirm with . or Enter, or press ? or * to list all spells.
You don't know that spell.
Casting: Foxfire (safe; 4% risk of failure)
Confirm with . or Enter, or press ? or * to list all spells.
You conjure some foxfire!
The ribbon worm bites you. The ribbon worm bites you!
Ouch! That really hurt!
* * * LOW HITPOINT WARNING * * *
😨 HP[-9]
You take 9 damage, and now have 6/15 hp.
MASSIVE DAMAGE!! (PAUSE)
The foxfire hits the ribbon worm.
The ribbon worm expels a string of sticky webbing.
The stream of webbing hits you but does no damage.
You are caught in a web!
There is a web here. 😨 HP[+1]
Casting: Foxfire (safe; 4% risk of failure)
Confirm with . or Enter, or press ? or * to list all spells.
You conjure some foxfire!
The foxfire hits the ribbon worm.
The foxfire hits the ribbon worm.
Unknown command.
Casting: Foxfire (safe; 4% risk of failure)
Confirm with . or Enter, or press ? or * to list all spells.
You conjure some foxfire!
The foxfire hits the ribbon worm. x2; The ribbon worm bites you.
* * * LOW HITPOINT WARNING * * *
😨 HP[-3]
You take 3 damage, and now have 4/15 hp.
Unknown command.
Casting: Foxfire (safe; 4% risk of failure)
Confirm with . or Enter, or press ? or * to list all spells.
You conjure some foxfire!
The ribbon worm bites you.
You die...

Action                     || total
---------------------------++-------
  Melee: Unarmed           ||     6
   Cast: Foxfire           ||    46
    Use: Scroll            ||     3
 Armour: Robe              ||    14
  Dodge: Dodged            ||    21

Levels and vault maps discovered:
D:1:      grunt_arrival_lava_bath, layout_basic,
          nicolae_ecumenical_snake_handling
D:2:      layout_loops_cross, serial_shops, shop, uniq_sigmund

Notes
Turn   | Place    | Note
-------+----------+-------------------------------------------
     0 | D:1      | kae the Deep Elf Fire Elementalist began the quest for the
                  | Orb.
     0 | D:1      | Reached XP level 1. HP: 10/10 MP: 6/6
     0 | D:1      | magus.rc [v1.11.3]
   412 | D:1      | Found a faded altar of an unknown god.
   432 | D:1      | Reached XP level 2. HP: 15/15 MP: 5/8
  1373 | D:2      | Slain by a ribbon worm

Vanquished Creatures
  A dart slug (D:2)
  3 ball pythons (D:1)
  A bat (D:1)
  2 endoplasms
  2 giant cockroaches (D:1)
  5 hobgoblins
  2 frilled lizards (D:1)
  2 rats (D:1)
18 creatures vanquished.

Vanquished Creatures (others)
  76 foxfires
76 creatures vanquished.

Grand Total: 94 creatures vanquished

Table legend:
 A = Non-vault XP
 B = Vault XP
 C = Vault XP percentage of total XP
 D = Non-vault monster count
 E = Vault monster count
 F = Vault count percentage of total count
                 A         B        C        D         E       F
            +---------+---------+-------+---------+---------+-------
      Total |      30 |       2 |   6.2 |      17 |       1 |   5.6
            +---------+---------+-------+---------+---------+-------
        D:1 |      22 |       2 |   8.3 |      14 |       1 |   6.7
        D:2 |       8 |       0 |   0.0 |       3 |       0 |   0.0
            +---------+---------+-------+---------+---------+-------

Action                     || total
---------------------------++-------
  Melee: Unarmed           ||     6
   Cast: Foxfire           ||    46
    Use: Scroll            ||     3
 Armour: Robe              ||    14
  Dodge: Dodged            ||    21

Illustrated notes

Table legend:
 A = Kills in this place as a percentage of kills in the entire game.
 B = Kills by you in this place as a percentage of kills by you in the entire game.
 C = Kills by friends in this place as a percentage of kills by friends in the entire game.
 D = Other kills in this place as a percentage of other kills in the entire game.
 E = Experience gained in this place as a percentage of experience gained in the entire game.
 F = Experience gained in this place divided by the number of levels of this place that you have seen.
                   A       B       C       D       E      F
               +-------+-------+-------+-------+-------+----------------------
         Total | 100.0 | 100.0 |   N/A |   N/A | 100.0 |  16.0
       Dungeon | 100.0 | 100.0 |   N/A |   N/A | 100.0 |  16.0
               +-------+-------+-------+-------+-------+----------------------

Table legend: (Time is in decaauts)
 A = Elapsed time spent in this place.
 B = Non-inter-level travel time spent in this place.
 C = Inter-level travel time spent in this place.
 D = Time resting spent in this place.
 E = Time spent auto-exploring this place.
 F = Levels seen in this place.
 G = Mean time per level.
                   A        B        C        D        E       F      G
               +--------+--------+--------+--------+--------+-----+--------+
         Total |   1372 |   1353 |     19 |      0 |   1183 |   2 |  686.0 |
       Dungeon |   1372 |   1353 |     19 |      0 |   1183 |   2 |  686.0 |
               +--------+--------+--------+--------+--------+-----+--------+

Top non-repeatable levels by time:
     D:1: 1209 daAuts
     D:2: 163 daAuts
